 Dungeon Crawl Stone Soup version 0.30-b1-2-g02819fbbbe (webtiles) character file.

Game seed: 15441282137518531821

7 suse60 the Sneak (level 2, -1/21 HPs)
             Began as an Octopode Delver on June 13, 2023.
             Slain by a phantom (5 damage)
             ... on level 5 of the Dungeon.
             The game lasted 00:03:48 (335 turns).

suse60 the Sneak (Octopode Delver)                   Turns: 335, Time: 00:03:48

Health: -1/21      AC:  1    Str: 11    XL:     2   Next: 0%
Magic:  2/2        EV: 13    Int: 12    God:
Gold:   0          SH:  0    Dex: 13    Spells: 1/1 levels left

rFire   . . .        a - +0 short sword
rCold   . . .        (no shield)
rNeg    . . .        (helmet restricted)
rPois   .            (no amulet)
rElec   .            (no ring)
rCorr   .            (no ring)
SInv    .            (no ring)
Will    .....        (no ring)
Stlth   ++++         (no ring)
HPRegen 0.23/turn    (no ring)
MPRegen 0.08/turn    (no ring)
                     (no ring)

%: no passive effects
@: hasted, very quick
A: almost no armour, amphibious, 8 rings, camouflage 1, gelatinous body 1,
(nimble swimmer 1), tentacles
a: no special abilities


You were on level 5 of the Dungeon.
You visited 1 branch of the dungeon, and saw 1 of its levels.

Inventory:

Hand Weapons
 a - a +0 short sword (weapon)
Jewellery
 g - the ring "Qaiqagaa" {Fire rN++ Dex-2}
   (You found it on level 5 of the Dungeon)

   [ring of fire]

   It enhances your fire magic.
   Dex:       It affects your dexterity (-2).
   rF:        It protects you from fire.
   rC:        It makes you vulnerable to cold.
   rN:        It greatly protects you from negative energy.
Wands
 f - a wand of digging (3)
Scrolls
 b - a scroll of fog
 c - a scroll of magic mapping
 d - a scroll of fear


   Skills:
 + Level 3.1 Fighting
 + Level 2.1 Short Blades
 + Level 2.1 Dodging
 + Level 6.7 Stealth


You had one spell level left.
You didn't know any spells.
Your spell library contained the following spells:

 Spells                   Type           Power      Damage    Failure   Level
 Ozocubu's Armour         Ice            0%         N/A       69%         3
 Metabolic Englaciation   Hex/Ice        0%         N/A       100%        5
 Simulacrum               Ice/Necr       0%         N/A       100%        6


Dungeon Overview and Level Annotations

Branches:
Dungeon (5/15)
 Temple: D:4-7

Altars:

Annotations:
D:5 Sigmund


Innate Abilities, Weirdness & Mutations

You cannot wear most types of armour.
You are amphibious.
You can wear up to eight rings at the same time.
Your skin changes colour to match your surroundings (Stealth+).
Your rubbery body absorbs attacks. (AC +1, EV +1)
((You are camouflaged when in or above water. (Stealth+)))
You have tentacles for arms and can constrict up to eight enemies at once.


Message History

The phantom barely misses you.
You miss the phantom. You hit the phantom but do no damage.
The phantom hits you.
The phantom blinks!
You blink.
Found a scroll labelled ZONLOU TAMIL.
You hit the phantom.
The phantom is lightly damaged.
You hit the phantom but do no damage. Your squeeze misses the phantom.
The phantom is lightly damaged.
The phantom misses you.
You closely miss the phantom. Your squeeze misses the phantom.
The phantom is lightly damaged.
The phantom closely misses you.
You barely miss the phantom.
The phantom is lightly damaged.
You closely miss the phantom. You squeeze the phantom.
The phantom is moderately damaged.
The phantom hits you.
The phantom blinks!
You blink.
You hit the phantom but do no damage.
The phantom is moderately damaged.
You hit the phantom but do no damage.
The phantom is moderately damaged.
The phantom hits you.
The phantom blinks!
You blink.
You hit the phantom.
The phantom is moderately damaged.
You barely miss the phantom. Your squeeze misses the phantom.
The phantom is moderately damaged.
The phantom hits you!
* * * LOW HITPOINT WARNING * * *
The phantom blinks!
You blink.
You hit the phantom but do no damage. Your squeeze misses the phantom.
The phantom is moderately damaged.
The phantom hits you.
* * * LOW HITPOINT WARNING * * *
The phantom blinks!
You blink.
You hit the phantom but do no damage.
The phantom is moderately damaged.
You barely miss the phantom.
The phantom is moderately damaged.
The phantom hits you.
You die...

#.....#...# #...#
#.....#...####...#
#.....#.......§..#
#.....#.§........#
#.....#..........#
####.....##..###....#
#....#'####.§###....#
#....#...#...§#.....#
#....#...W@...#.....#
#....'...#....#..?..#
#######....##..####'###+###
............#### ....
............# ......
............# .........
............# .........
............# #.....S...
............# .......


You could see a phantom.

Vanquished Creatures
  2 orcs (D:5)
  2 quokkas (D:5)
4 creatures vanquished.

Notes
Turn   | Place    | Note
-------+----------+-------------------------------------------
     0 | D:5      | suse60 the Octopode Delver began the quest for the Orb.
     0 | D:5      | Reached XP level 1. HP: 16/16 MP: 1/1
   147 | D:5      | Identified the ring "Qaiqagaa" {Fire rN++ Dex-2}
   155 | D:5      | Reached XP level 2. HP: 11/21 MP: 2/2
   292 | D:5      | Noticed Sigmund
   316 | D:5      | Noticed a phantom
   335 | D:5      | Slain by a phantom

Illustrated notes

Levels and vault maps discovered:
D:5:      layout_gridville, kennysheep_mini_moat, kennysheep_pointless_box,
          uniq_sigmund

Action                     || total
---------------------------++-------
  Melee: Short sword       ||    23
         Tentacles         ||     5
         Constrict         ||     3
    Use: Potion            ||     1
  Dodge: Dodged            ||     4
